 Dungeon Crawl Stone Soup version 0.17-a0-1115-g0372368 (webtiles) character file.

109704 esc the Grappler (level 16, -1/147 HPs)
             Began as a Ghoul Ice Elementalist on May 22, 2015.
             Was the Champion of Okawaru.
             Slain by a slime creature (8 damage)
             ... on level 1 of the Swamp.
             The game lasted 02:42:01 (46646 turns).

esc the Grappler (Ghoul Ice Elementalist)          Turns: 46646, Time: 02:42:01

Health: -1/147     AC: 23    Str: 19    XL:     16   Next: 53%
Magic:  23/23      EV: 16    Int: 14    God:    Okawaru [******]
Gold:   2013       SH:  0    Dex: 15    Spells: 4 memorised, 15 levels left

rFire  . . .     SeeInvis .       - Unarmed
rCold  + . .     Clarity  .     j - +7 scale mail "Nec Orr" {+Fly rPois Dex+5}
rNeg   + + +     SustAt   .     (no shield)
rPois  ∞         Gourm    .     S - +2 hat {MR+}
rElec  .         Spirit   .     d - +2 cloak {MR+}
rCorr  .         Warding  .     (no gloves)
rMut   +         Stasis   .     J - +0 pair of boots
MR     +++..                    g - amulet of resist mutation {rMut, !d}
Stlth  +.........               Z - +4 ring of slaying
                                x - +5 ring of strength

@: rotting, extremely resistant to hostile enchantments, very unstealthy
A: rotting body, claws 1, carnivore 3, cold resistance 1, negative energy
resistance 3, slow healing 1, torment resistance, unbreathing
a: Heroism, Finesse, Renounce Religion, Evoke Flight


You were on level 1 of the Swamp.
You worshipped Okawaru.
Okawaru was exalted by your worship.
You were hungry.

You visited 5 branches of the dungeon, and saw 27 of its levels.

You collected 2733 gold pieces.
You spent 720 gold pieces at shops.

Inventory:

Hand weapons
 D - a +1 blowgun
   (You took it off a kobold on level 6 of the Dungeon)
Missiles
 f - 2 throwing nets (quivered) {=f, !d}
 A - 4 curare-tipped needles
 E - 66 poisoned needles
Armour
 d - a +2 cloak of magic resistance (worn)
   (You took it off Maurice on level 1 of the Orcish Mines)
 j - the +7 scale mail "Nec Orr" (worn) {+Fly rPois Dex+5}
   (Okawaru gifted it to you on level 9 of the Dungeon)

   It affects your dexterity (+5).
   It protects you from poison.
   It lets you fly.
 J - a +0 pair of boots (worn)
   (You found it on level 7 of the Dungeon)
 S - a +2 hat of magic resistance (worn)
   (Okawaru gifted it to you on level 3 of the Lair of Beasts)
Jewellery
 g - an amulet of resist mutation (around neck) {rMut, !d}
   (You found it on level 1 of the Dungeon)
 l - an uncursed ring of see invisible {sInv, !d}
   (You bought it in a shop on level 6 of the Dungeon)
 x - a +5 ring of strength (left claw)
   (You found it on level 4 of the Dungeon)
 y - an uncursed ring of flight {+Fly, !d}
   (You found it on level 11 of the Dungeon)
 U - the ring of the Hidden Wars {Int+4 Slay+2}
   (You found it on level 8 of the Lair of Beasts)

   [ring of slaying]

   It affects your intelligence (+4).
   It affects your accuracy and damage with ranged weapons and melee attacks
   (+2).
 X - an uncursed amulet of stasis {Stasis, !d}
   (You found it on level 5 of the Lair of Beasts)
 Z - a +4 ring of slaying (right claw)
   (You found it on level 4 of the Lair of Beasts)
Magical devices
 n - a wand of lightning (8)
   (You found it on level 7 of the Lair of Beasts)
 t - a wand of fire (0)
   (You took it off Maurice on level 1 of the Orcish Mines)
 C - a wand of paralysis (6)
   (You found it on level 2 of the Lair of Beasts)
 H - a wand of fire (0)
   (You found it on level 3 of the Lair of Beasts)
 O - a wand of teleportation (4)
   (You took it off Rupert on level 2 of the Orcish Mines)
 Y - a wand of fireball (5)
   (You found it on level 1 of the Swamp)
Scrolls
 e - 5 scrolls of amnesia
 h - 4 scrolls of fog
 k - a scroll of brand weapon
 q - a scroll of recharging
 r - a scroll of blinking {!r}
 s - 6 scrolls of enchant armour
 u - 3 scrolls of magic mapping {!r}
 v - a scroll of fear
 w - 11 scrolls of remove curse
 B - 13 scrolls of identify
 T - 3 scrolls of enchant weapon
Potions
 i - a potion of resistance
 o - a potion of cancellation
 p - 10 potions of curing
 G - 3 potions of agility
 I - 2 potions of invisibility
 M - a potion of brilliance
 Q - a potion of haste
 V - a potion of magic
 W - 4 potions of flight
Books
 a - a book of Hinderance
   (You found it on level 5 of the Dungeon)
 b - a book of Frost
 K - a book of Ice
   (You found it on level 1 of the Lair of Beasts)
 L - a book of Battle
   (You found it on level 8 of the Dungeon)
 N - a book of Burglary
   (You found it on level 2 of the Lair of Beasts)
Comestibles
 c - 8 meat rations {@e2}


   Skills:
 + Level 14.6 Fighting
 + Level 11.2 Armour
 + Level 10.9 Dodging
 - Level 2.1 Stealth
 + Level 14.7 Unarmed Combat
 - Level 5.7 Spellcasting
   Level 0.7 Conjurations
 - Level 5.4 Charms
 - Level 5.9 Necromancy
 - Level 7.9 Ice Magic
 - Level 7.3 Invocations


You had 15 spell levels left.
You knew the following spells:

 Your Spells              Type           Power        Failure   Level  Hunger
a - Freeze                Ice            ####         1%          1    None
r - Regeneration          Chrm/Necr      ###.......   12%         3    ###....
s - Condensation Shield   Ice            ####......   17%         4    ####...
A - Ozocubu's Armour      Chrm/Ice       ###.....     10%         3    ###....


Dungeon Overview and Level Annotations

Branches:
Dungeon (11/15)            Temple (1/1) D:6            Lair (8/8) D:10
  Swamp (3/4) Lair:6       Spider (0/4) Lair:6        Slime (0/6) Lair:8
    Orc (4/4) D:11            Elf (0/3) Orc:4

Altars:
Ashenzari
Cheibriados
Dithmenos
Elyvilon
Fedhas
Gozag
Kikubaaqudgha
Makhleb
Nemelex Xobeh
Okawaru
Qazlal
Ru
Sif Muna
Trog
Vehumet
Xom
Yredelemnul
Zin
The Shining One
Beogh
Jiyva

Shops:
D:6 (*:   D:7 (   D:8 %   Orc:4 *!?=


Innate Abilities, Weirdness & Mutations

Your body is rotting away.
You thrive on raw meat.
You are immune to poison.
You have sharp fingernails.
You are carnivorous and can eat meat at any time.
Your flesh is cold resistant.
You are immune to negative energy.
You heal slowly when monsters are visible.
You are immune to unholy pain and torment.
You can survive without breathing.


Message History

You climb upwards.
There is a stone staircase leading down here.
The very large slime creature hits you!!!
You take 46 damage, and have 90/143 hp.
MASSIVE DAMAGE!!
The titanic slime creature completely misses you.
There is a stone staircase leading up here.
A very large slime creature splits.
You climb upwards.
There is a stone staircase leading down here.
You mangle the slime creature!!
A large slime creature splits.
You barely miss the slime creature. The slime creature misses you.
The slime creature misses you.
You mangle the slime creature!!
The slime creature hits you but does no damage.
The slime creature barely misses you. The slime creature closely misses you.
You barely miss the slime creature. The slime creature barely misses you.
You scratch the slime creature but do no damage.
The slime creature hits you but does no damage.
The slime creature completely misses you.
You scratch the slime creature. The slime creature hits you!
The slime creature hits you but does no damage.
The slime creature hits you!
You take 23 damage, and have 70/143 hp.
Your scale mail "Nec Orr" prevents you from hitting the slime creature.
You claw the slime creature.
You kill the slime creature!
Okawaru accepts your kill.
The slime creature hits you but does no damage.
The slime creature hits you.
You take 3 damage, and have 67/143 hp.
You claw the slime creature!
The slime creature hits you but does no damage.
You claw the slime creature! The slime creature hits you.
You take 5 damage, and have 62/143 hp.
You mangle the slime creature!!
The slime creature hits you but does no damage. x2
You claw the slime creature! The slime creature hits you.
The slime creature hits you but does no damage.
You take 2 damage, and have 60/143 hp.
You mangle the slime creature!!
You kill the slime creature!
Okawaru accepts your kill.
You claw the slime creature! The slime creature hits you.
You take 6 damage, and have 54/143 hp.
You mangle the slime creature!!
The slime creature hits you but does no damage.
You mangle the slime creature!! The slime creature closely misses you.
You mangle the slime creature!!
You kill the slime creature!
Okawaru accepts your kill.
No target in view!
You start resting.
You feel your flesh rotting away.
You regained 45 hp, and now have 99/142 hp.
Eat which item? (? for menu, Esc to quit)
Okay, then.
You start resting.
You feel your flesh rotting away.
You regained 35 hp, and now have 134/141 hp.
You start resting.
You are feeling hungry.
You regained 5 hp, and now have 139/141 hp.
Eat which item? (? for menu, Esc to quit)
Okay, then.
You climb downwards.
The titanic slime creature quivers.
There is a stone staircase leading up here.
You claw the titanic slime creature! The titanic slime creature hits you!!!
You take 61 damage, and have 78/141 hp.
MASSIVE DAMAGE!!
The titanic slime creature hits you but does no damage.
A titanic slime creature splits.
You enter the shallow water.
Moving in this stuff is going to be slow.
The very large slime creature barely misses you.
The large slime creature closely misses you.
The very large slime creature hits you!!!
You take 38 damage, and have 45/141 hp.
MASSIVE DAMAGE!!
You see here 26 stones.
A very large slime creature splits.
Two slime creatures merge to form a very large slime creature.
You enter the shallow water.
Moving in this stuff is going to be slow.
The large slime creature hits you!!
* * * LOW HITPOINT WARNING * * *
You take 21 damage, and have 25/141 hp.
The large slime creature closely misses you.
There is a stone staircase leading up here.
A very large slime creature splits.
The large slime creature hits you!!
* * * LOW HITPOINT WARNING * * *
You climb upwards.
There is a stone staircase leading down here.
You take 26 damage, and have 2/141 hp.
Drink which item? (? for menu, Esc to quit)
You feel better.
The large slime creature hits you but does no damage.
The large slime creature misses you. The slime creature hits you!
You die...

≈.≈≈..♣♣♣♣♣ ..≈≈≈.♣
..≈≈≈.♣ ..≈≈≈.♣♣
.≈♣♣♣≈.♣♣ .♣♣♣≈.(≈♣
.≈♣♣.≈≈.♣♣♣♣♣♣♣♣♣
≈.♣♣♣.≈.♣♣≈.≈≈..♣♣
..♣♣♣≈..≈.≈≈≈..J@♣♣
≈.....≈.§.....≈JJ≈♣
.....≈≈.≈.≈...≈≈≈.♣
............≈.≈≈.≈♣
.........≈..≈....♣♣
..........≈≈≈≈≈.≈♣
.....♣......≈≈≈..♣
...♣.......♣≈.≈≈.♣
...♣♣♣....≈♣♣.≈.♣♣


You could see 2 large slime creatures and a slime creature.

Vanquished Creatures
  Rupert (Orc:2)
  4 orc warlords
  Nessos (Lair:6)
  Snorg (Lair:4)
  Josephine (Lair:6)
  Fannar (Orc:2)
  Harold (Orc:2)
  8 hydras
  Erolcha (D:8)
  A catoblepas (Lair:8)
  2 ghost crabs (Swamp:2)
  A queen ant (Lair:7)
  8 death yaks
  2 alligators
  Sonja (Lair:2)
  Nergalle (Orc:1)
  8 swamp dragons
  An unseen horror (D:10)
  2 shambling mangroves (Swamp:3)
  3 hill giants
  5 ugly things
  2 hornets (Swamp:3)
  3 orc knights
  4 griffons
  A cyclops (D:11)
  6 black mambas
  11 orc sorcerers
  Maurice (Orc:1)
  4 elephants
  Joseph (D:9)
  17 spiny frogs
  9 komodo dragons
  The ghost of Hanyuu the Insei, an experienced OpTm (D:5)
  3 spriggan druids
  5 trolls
  2 fire drakes
  3 polar bears
  5 bog bodies
  6 giant leeches
  10 ravens
  9 blink frogs
  5 slime creatures
  A deep elf mage (D:11)
  11 spriggans
  50 yaks
  7 redbacks
  3 wraiths (Lair:6)
  2 hungry ghosts
  9 hippogriffs
  A wyvern (D:9)
  3 vampire mosquitoes (Swamp:1)
  4 basilisks
  The ghost of WhatIsLove the Cudgeler, an average DrWr (D:4)
  A spectral spiny frog (Swamp:2)
  35 wolves
  13 soldier ants (Lair:7)
  8 insubstantial wisps
  24 swamp worms
  7 wargs
  3 swamp drakes
  Duvessa (D:5)
  A sky beast (D:9)
  34 orc warriors
  15 water moccasins
  23 porcupines
  9 black bears
  10 ice beasts
  9 wasps
  4 centaurs
  17 ogres
  21 crocodiles
  2 big kobolds
  A brain worm (Lair:6)
  Dowan (D:5)
  A wyvern zombie (D:11)
  22 giant frogs
  2 scorpions (D:10)
  6 wights
  An electric eel (Lair:6)
  A killer bee (D:7)
  2 jellies
  2 centaur zombies
  7 crimson imps
  7 hounds
  16 orc priests
  A centaur skeleton (D:9)
  A quasit (D:8)
  Crazy Yiuf (D:3)
  A giant frog skeleton (D:9)
  56 orc wizards
  39 worker ants
  Natasha (twice) (D:2)
  10 spectral orcs (Orc:1)
  3 killer bee zombies
  11 iguanas
  25 sheep
  A hound skeleton (D:6)
  A worker ant zombie (D:6)
  Robin (D:2)
  9 adders
  60 river rats
  18 gnolls
  A shadow imp (D:6)
  3 oozes
  3 adder skeletons
  5 giant geckos
  206 orcs
  4 ball pythons
  2 bat skeletons
  9 giant cockroaches
  22 goblins
  32 hobgoblins
  18 jackals
  3 quokkas
  15 bats
  A giant cockroach zombie (D:6)
  2 giant gecko skeletons
  A giant gecko zombie (D:6)
  8 giant newts
  2 gnoll zombies (D:3)
  46 kobolds
  A quokka skeleton (D:8)
  20 rats
  2 fungi (D:10)
  A plant (Lair:8)
1207 creatures vanquished.

Vanquished Creatures (others)
  A spriggan (Swamp:2)
  4 insubstantial wisps (Swamp:2)
  2 ogres (D:6)
  A wasp (Swamp:2)
  A big kobold (D:6)
  3 orcs
  A kobold (D:6)
  A quokka (D:2)
  A bush (Lair:8)
  19 fungi
  18 plants
52 creatures vanquished.

Grand Total: 1259 creatures vanquished

Notes
Turn   | Place    | Note
--------------------------------------------------------------
     0 | D:1      | esc the Ghoul Ice Elementalist began the quest for the Orb.
     0 | D:1      | Reached XP level 1. HP: 14/14 MP: 2/2
   120 | D:1      | Reached skill level 1 in Fighting
   144 | D:1      | Reached XP level 2. HP: 20/23 MP: 3/3
   178 | D:1      | HP: 5/23 [rat (2)]
   189 | D:1      | HP: 5/23 [bat (1)]
   195 | D:1      | HP: 2/23 [jackal (1)]
   202 | D:1      | Reached skill level 2 in Spellcasting
   463 | D:1      | Reached XP level 3. HP: 22/29 MP: 0/5
   976 | D:2      | Found a white marble altar of Elyvilon.
  1000 | D:2      | Reached skill level 2 in Fighting
  1437 | D:2      | Noticed Robin
  1441 | D:2      | Reached XP level 4. HP: 33/36 MP: 3/6
  1454 | D:2      | Killed Robin
  1916 | D:1      | Reached skill level 1 in Unarmed Combat
  2044 | D:2      | Reached skill level 4 in Ice Magic
  2363 | D:2      | Noticed Natasha
  2375 | D:2      | Killed Natasha
  2375 | D:2      | Reached XP level 5. HP: 33/40 MP: 2/8
  2421 | D:2      | Noticed Natasha
  2429 | D:2      | Killed Natasha
  2642 | D:3      | Reached skill level 3 in Spellcasting
  3063 | D:3      | Found a deep blue altar of Sif Muna.
  3113 | D:3      | Reached skill level 2 in Unarmed Combat
  3672 | D:3      | Reached skill level 2 in Dodging
  3672 | D:3      | Reached XP level 6. HP: 37/49 MP: 1/9
  3782 | D:3      | Reached skill level 1 in Armour
  3993 | D:3      | Noticed an ice beast
  4021 | D:3      | Killed an ice beast
  4021 | D:3      | Reached skill level 2 in Armour
  4082 | D:3      | Reached skill level 3 in Dodging
  4219 | D:3      | Reached XP level 7. HP: 45/56 MP: 2/10
  4296 | D:3      | Noticed Crazy Yiuf
  4310 | D:3      | Killed Crazy Yiuf
  4475 | D:3      | Found a basalt altar of Yredelemnul.
  4748 | D:4      | Reached skill level 3 in Armour
  5091 | D:4      | Noticed a hungry ghost
  5562 | D:5      | Entered Level 5 of the Dungeon
  5585 | D:5      | Noticed Duvessa
  5585 | D:5      | Noticed Dowan
  5853 | D:5      | Noticed Hanyuu's ghost (experienced OpTm)
  6020 | D:5      | Reached skill level 5 in Ice Magic
  6153 | D:5      | Found an ancient bone altar of Kikubaaqudgha.
  6227 | D:5      | Found a shimmering altar of Xom.
  6238 | D:5      | HP: 10/51 [ogre/giant club (19)]
  6519 | D:5      | Found a snail-covered altar of Cheibriados.
  6557 | D:6      | Found Icamuk's Book Shoppe.
  6567 | D:6      | Found a bloodstained altar of Trog.
  7077 | D:4      | Noticed WhatIsLove's ghost (average DrWr)
  7184 | D:5      | Reached skill level 4 in Spellcasting
  7184 | D:5      | Reached XP level 8. HP: 47/62 MP: 9/13
  7240 | D:5      | HP: 15/62 [gnoll/spear (4)]
  7249 | D:5      | Reached skill level 6 in Ice Magic
  7503 | D:5      | Found a shattered altar of Ashenzari.
  7520 | D:5      | Found a shadowy altar of Dithmenos.
  8074 | D:6      | Learned a level 3 spell: Ozocubu's Armour
  8510 | D:6      | Found a staircase to the Ecumenical Temple.
  8519 | Temple   | Entered the Ecumenical Temple
  8579 | Temple   | Became a worshipper of Warmaster Okawaru
  8669 | D:6      | Found a runed door.
  8860 | D:6      | Reached skill level 5 in Spellcasting
  8860 | D:6      | Reached skill level 7 in Ice Magic
  9195 | D:7      | Reached skill level 3 in Fighting
  9203 | D:7      | Found Tiniban's Weapon Shoppe.
  9220 | D:7      | Reached skill level 3 in Unarmed Combat
  9229 | D:7      | Bought a throwing net for 45 gold pieces
  9749 | D:7      | Reached skill level 4 in Fighting
  9775 | D:7      | Reached XP level 9. HP: 37/70 MP: 15/15
 10096 | D:5      | Acquired Okawaru's first power
 10391 | D:6      | Reached skill level 4 in Unarmed Combat
 10521 | D:6      | Found Kinaas's General Store.
 10654 | D:6      | Reached skill level 5 in Fighting
 10693 | D:6      | Bought an uncursed ring of see invisible for 225 gold pieces
 10749 | D:6      | Found Giret's Antique Weapon Shop.
 10901 | D:7      | Found a burning altar of Makhleb.
 10902 | D:7      | Found a radiant altar of Vehumet.
 11407 | D:8      | Found Oxeelab's Food Shoppe.
 11417 | D:8      | Reached skill level 5 in Unarmed Combat
 11558 | D:8      | Learned a level 4 spell: Condensation Shield
 11672 | D:8      | HP: 11/70 [ogre/giant club (26)]
 11680 | D:8      | HP: 13/75 [ogre/giant club (19)]
 11683 | D:8      | HP: 4/75 [ogre/giant club (13)]
 11988 | D:8      | Reached skill level 6 in Fighting
 12176 | D:8      | Noticed Erolcha
 12331 | D:8      | Reached skill level 6 in Unarmed Combat
 12816 | D:8      | Found a staircase to the Lair.
 13276 | D:9      | Reached skill level 7 in Fighting
 13303 | D:9      | Reached skill level 7 in Unarmed Combat
 13405 | D:9      | Found a glowing silver altar of Zin.
 13440 | D:9      | Reached XP level 10. HP: 24/81 MP: 7/16
 13699 | D:9      | Noticed Joseph
 13844 | D:9      | Reached skill level 8 in Fighting
 14025 | D:9      | Reached skill level 8 in Unarmed Combat
 14612 | D:9      | Reached skill level 9 in Fighting
 14618 | D:9      | Reached skill level 9 in Unarmed Combat
 15013 | D:9      | Noticed a hill giant
 15041 | D:10     | Entered Level 10 of the Dungeon
 15046 | D:10     | Noticed an unseen horror
 15075 | D:10     | Killed an unseen horror
 15162 | D:10     | Found a staircase to the Lair.
 15281 | D:10     | Reached skill level 10 in Fighting
 15281 | D:10     | Reached skill level 10 in Unarmed Combat
 15431 | D:10     | Reached XP level 11. HP: 96/99 MP: 17/17
 15776 | D:11     | Noticed a hill giant
 15819 | Lair:1   | Entered Level 1 of the Lair of Beasts
 16881 | Lair:1   | Acquired Okawaru's second power
 17160 | Lair:2   | Noticed Sonja
 17209 | Lair:3   | Reached skill level 1 in Invocations
 17220 | Lair:3   | Reached skill level 2 in Invocations
 17250 | Lair:3   | Reached skill level 3 in Invocations
 17286 | Lair:3   | Reached skill level 4 in Invocations
 17750 | Lair:2   | Reached skill level 5 in Invocations
 18257 | Lair:2   | Reached skill level 6 in Invocations
 18428 | Lair:2   | Noticed a lindwurm
 18531 | Lair:3   | Reached skill level 7 in Invocations
 18705 | Lair:2   | HP: 12/101 [komodo dragon (25)]
 18708 | Lair:2   | Reached skill level 11 in Unarmed Combat
 18933 | Lair:3   | Reached skill level 11 in Fighting
 19184 | Lair:3   | Reached XP level 12. HP: 86/108 MP: 18/18
 19273 | Lair:3   | Received a gift from Okawaru
 20056 | Lair:4   | Noticed a four-headed hydra
 20291 | D:6      | Bought an encrusted dagger for 182 gold pieces
 20291 | D:6      | Identified the +0 dagger "Yfueh" {flame, Int+3} (You bought it in a shop on level 6 of the Dungeon)
 20397 | D:9      | Killed a hill giant
 20581 | Lair:3   | HP: 25/110 [four-headed hydra (13)]
 20930 | Lair:4   | Reached skill level 4 in Dodging
 21149 | Lair:4   | Noticed a death yak
 21150 | Lair:4   | Noticed a death yak
 21152 | Lair:4   | Noticed a death yak
 21163 | Lair:5   | Reached skill level 4 in Armour
 21648 | Lair:5   | Got an ichor-stained mace
 21649 | Lair:5   | Identified the +3 mace of Terra Cotta {venom, rPois rF+ Dex+3} (You found it on level 5 of the Lair of Beasts)
 21875 | Lair:5   | Reached skill level 5 in Dodging
 22229 | Lair:5   | Reached skill level 5 in Armour
 22319 | Lair:5   | HP: 25/111 [black mamba (15)]
 22320 | Lair:5   | HP: 10/111 [black mamba (7)]
 22359 | Lair:5   | HP: 20/112 [black mamba (4)]
 22360 | Lair:5   | HP: 7/112 [black mamba (14)]
 23227 | Lair:5   | Reached skill level 6 in Dodging
 23386 | Lair:4   | Reached skill level 6 in Armour
 23853 | Lair:6   | Noticed Snorg
 24106 | D:5      | Killed Hanyuu's ghost
 24180 | D:4      | Killed a hungry ghost
 24258 | D:4      | Killed WhatIsLove's ghost
 24336 | D:5      | Killed Duvessa
 24352 | D:5      | Killed Dowan
 24484 | D:6      | Reached XP level 13. HP: 84/114 MP: 15/19
 24667 | D:6      | Found a roughly hewn altar of Beogh.
 24817 | D:8      | Killed Erolcha
 24817 | D:8      | Reached skill level 7 in Dodging
 24824 | D:8      | Learned a level 3 spell: Regeneration
 24895 | D:9      | Killed Joseph
 24895 | D:9      | Reached skill level 1 in Necromancy
 24910 | D:9      | Reached skill level 1 in Charms
 24968 | D:9      | Received a gift from Okawaru
 24969 | D:9      | Got a heavily runed scale mail {god gift}
 24980 | D:9      | Identified the +7 scale mail "Nec Orr" {+Fly rPois Dex+5} (Okawaru gifted it to you on level 9 of the Dungeon)
 25262 | Lair:2   | Killed a death yak
 25262 | Lair:2   | Reached skill level 7 in Armour
 25308 | Lair:2   | Noticed a lindwurm
 25308 | Lair:2   | Noticed a lindwurm
 25313 | Lair:2   | Noticed a lindwurm
 25753 | Lair:2   | Killed Sonja
 25926 | Lair:4   | Killed a death yak
 27119 | Lair:6   | Noticed Josephine
 27128 | Lair:6   | Killed Josephine
 27217 | Lair:6   | Reached skill level 12 in Fighting
 27217 | Lair:6   | Reached skill level 12 in Unarmed Combat
 27348 | Lair:6   | Found a hole to the Spider Nest.
 27533 | Lair:7   | Reached skill level 8 in Armour
 27800 | Lair:5   | HP: 14/117 [Snorg (20)]
 28387 | Lair:6   | Noticed Nessos
 28400 | Lair:6   | Killed Nessos
 28820 | Lair:6   | HP: 27/117 [swamp worm (7)]
 29467 | Lair:6   | Found a staircase to the Swamp.
 29675 | Lair:6   | Reached skill level 8 in Dodging
 30216 | Lair:7   | Reached XP level 14. HP: 93/124 MP: 17/21
 30396 | Lair:7   | Received a gift from Okawaru
 30699 | Lair:8   | Entered Level 8 of the Lair of Beasts
 31465 | Lair:8   | Reached skill level 9 in Armour
 31471 | Lair:8   | Reached skill level 13 in Unarmed Combat
 31621 | Lair:8   | Reached skill level 13 in Fighting
 31727 | Lair:8   | Reached skill level 9 in Dodging
 32159 | Lair:8   | Got a faintly glowing ivory ring
 32160 | Lair:8   | Identified the ring of the Hidden Wars {Int+4 Slay+2} (You found it on level 8 of the Lair of Beasts)
 32887 | Lair:8   | Found a staircase to the Slime Pits.
 32887 | Lair:8   | Found a viscous altar of Jiyva.
 33343 | Lair:6   | Received a gift from Okawaru
 34412 | Lair:4   | Killed Snorg
 34412 | Lair:4   | Reached skill level 10 in Armour
 34412 | Lair:4   | Reached XP level 15. HP: 123/135 MP: 14/22
 34690 | D:11     | Noticed a hill giant
 34714 | D:11     | Killed a hill giant
 34719 | D:11     | Killed a hill giant
 34938 | D:11     | Found a staircase to the Orcish Mines.
 35550 | Orc:1    | Entered Level 1 of the Orcish Mines
 35787 | Orc:1    | Found a roughly hewn altar of Beogh.
 35892 | Orc:1    | Noticed Nergalle
 35960 | Orc:1    | Killed Nergalle
 36052 | Orc:1    | Reached skill level 10 in Dodging
 36488 | Orc:2    | Noticed Maurice
 36492 | Orc:2    | Noticed Fannar
 36517 | Orc:1    | Killed Maurice
 36588 | Orc:2    | Killed Fannar
 36588 | Orc:2    | Reached skill level 14 in Unarmed Combat
 36609 | Orc:2    | Noticed Harold
 36634 | Orc:2    | Killed Harold
 36775 | Orc:2    | Noticed Rupert
 36802 | Orc:2    | Killed Rupert
 37046 | Orc:3    | Received a gift from Okawaru
 37126 | Orc:3    | Reached skill level 14 in Fighting
 37931 | Orc:3    | Reached skill level 2 in Necromancy
 38033 | Orc:3    | Reached skill level 2 in Charms
 38174 | Orc:4    | Entered Level 4 of the Orcish Mines
 38781 | Orc:4    | Found a staircase to the Elven Halls.
 38897 | Orc:4    | Reached skill level 3 in Necromancy
 38898 | Orc:4    | Found Diugg's Jewellery Boutique.
 38898 | Orc:4    | Found Yliarr's Magic Scroll Shoppe.
 39094 | Orc:4    | Reached skill level 3 in Charms
 39192 | Orc:4    | Found a roughly hewn altar of Beogh.
 39545 | Orc:3    | Reached skill level 4 in Necromancy
 39671 | Orc:3    | Reached skill level 4 in Charms
 40207 | Orc:4    | Identified the Volume of the Voyage (You found it on level 4 of the Orcish Mines)
 40263 | Orc:4    | Found Vikuapuu's Distillery.
 40263 | Orc:4    | Found Sirheta's General Store.
 40267 | Orc:4    | Bought a potion of curing for 33 gold pieces
 40267 | Orc:4    | Bought a potion of heal wounds for 55 gold pieces
 40267 | Orc:4    | Bought a potion of agility for 44 gold pieces
 40267 | Orc:4    | Bought a potion of curing for 33 gold pieces
 40267 | Orc:4    | Bought a potion of heal wounds for 55 gold pieces
 40276 | Orc:4    | Bought a potion of agility for 48 gold pieces
 40603 | Swamp:1  | Entered Level 1 of the Swamp
 40663 | Lair:6   | Reached skill level 5 in Necromancy
 41155 | Swamp:1  | Reached skill level 5 in Charms
 41558 | Swamp:1  | Received a gift from Okawaru
 41559 | Swamp:1  | Got a pitted chain mail {god gift}
 41570 | Swamp:1  | Identified the +2 chain mail "Astrumu" {+Blink rElec MP-9} (Okawaru gifted it to you on level 1 of the Swamp)
 42070 | Swamp:2  | Reached XP level 16. HP: 129/144 MP: 23/23
 42318 | Swamp:2  | HP: 24/144 [giant leech (17)]
 42964 | Swamp:2  | HP: 30/144 [spectral spiny frog[a ghost crab] (8)]
 44334 | Swamp:3  | Reached skill level 11 in Armour
 44773 | Swamp:3  | HP: 36/147 [slime creature (13)]
 44776 | Swamp:3  | HP: 12/147 [raven (6)]
 46626 | Swamp:2  | HP: 25/141 [large slime creature (21)]
 46644 | Swamp:2  | HP: 2/141 [large slime creature (26)]
 46646 | Swamp:1  | Slain by a slime creature

Vault maps used:
D:1:      evilmike_arrival_hilbert_curve
D:2:      minivault_11, elyvilon_altar_4, uniq_robin, uniq_natasha
D:3:      lemuel_zombie_altar_yredelemnul, lemuel_blue_sif_altar, serial_forest,
          infiniplex_forest_3_way, infiniplex_forest_lined_2,
          infiniplex_forest_lined_corner, infiniplex_forest_corner_1,
          infiniplex_forest_straight_3, infiniplex_forest_lined_room_,
          infiniplex_forest_lined_ring, uniq_crazy_yiuf_cottage
D:4:      first_bread
D:5:      ashenzari_altar_1, kiku_gazebo_pond_becter, kennysheep_mini,
          lemuel_coloured_pillars_altar, old_standard_altar, uniq_duvessa
D:6:      kennysheep_kobold_camp, bloody_trog, lemuel_temple_firewalk_marked,
          serial_shops, shop, shop, nicolae_shop_waterfront,
          lightli_church_of_beogh
D:7:      grunt_temple_overflow_lords_of_destruction, serial_shops,
          nicolae_shop_behind_doors
D:8:      mumra_celtic_spiral_tile, lair_0_dummy, serial_shops,
          nicolae_shop_waterfront, grunt_ogre_cave, uniq_erolcha
D:9:      lemuel_crystal_altar, minmay_sticks_and_stones
D:10:     due_lair_maze_entry_diamond
D:11:     orc_0_dummy
Temple:   zaba_magenta_temple_8
Lair:1:   minmay_stone_trees_medium, serial_bayou_shore_b
Lair:2:   minmay_lindwurm_lava, uniq_sonja
Lair:3:   beast_lair_carwin_8
Lair:4:   portal_ice_cave_entry_ice_beasts, grunt_megastairs_3,
          infiniplex_staircase_pool, serial_bayou_shore_a
Lair:5:   grunt_megastairs_4
Lair:6:   nicolae_swamp_entry_splash_gauntlet, spider_nest_entry_web_field,
          nicolae_volcano_entry_two_sided, uniq_josephine, uniq_nessos,
          uniq_snorg
Lair:7:   zaba_anthell
Lair:8:   minmay_lair_end_enchanted_forest, slime_altar_1, lab_entry_generic
Swamp:1:  nicolae_swamp_round_clearing
Swamp:2:  nicolae_swamp_treefoil
Swamp:3:  evilmike_swamp_ruin_house_1, swamp_pool1, st_swamp_mini
Orc:1:    basic_altar, guppyfry_library_mini, uniq_nergalle
Orc:2:    enter_bailey_2, uniq_fannar, uniq_maurice, uniq_harold, uniq_rupert
Orc:3:    nicolae_orc_pool_cavern, nicolae_orc_flooded_monolith
Orc:4:    st_orc_town, minmay_orc_treasury

Action                   |  1- 3 |  4- 6 |  7- 9 | 10-12 | 13-15 | 16-18 || total
-------------------------+-------+-------+-------+-------+-------+-------++-------
Melee: Unarmed           |   122 |   155 |   936 |  1082 |  2119 |   449 ||  4863
       Dagger            |       |       |       |    10 |       |       ||    10
 Fire: Blowgun           |       |       |       |     2 |     7 |       ||     9
Throw: Throwing net      |       |       |     2 |       |    11 |       ||    13
 Cast: Freeze            |    37 |    96 |    43 |     2 |       |       ||   178
       Ozocubu's Armour  |       |       |    14 |    45 |     3 |       ||    62
       Condensation Shie |       |       |     2 |    30 |    41 |     4 ||    77
       Regeneration      |       |       |       |       |     6 |    10 ||    16
Invok: Heroism           |       |       |       |     6 |     8 |     1 ||    15
       Finesse           |       |       |       |     2 |     7 |       ||     9
Evoke: Wand              |       |       |     1 |     1 |     8 |     3 ||    13
  Use: Potion            |     2 |     1 |     9 |     2 |     1 |     4 ||    19
       Scroll            |       |     1 |    11 |    10 |    12 |     5 ||    39
 Stab: Sleeping          |     2 |     1 |       |     2 |       |       ||     5
       Distracted        |       |       |       |     2 |       |       ||     2
       Paralysed         |       |       |       |     2 |     1 |       ||     3
       Petrified         |       |       |       |       |     2 |       ||     2
       Held in net/web   |       |       |       |       |     6 |       ||     6
  Eat: Chunk             |     6 |    10 |    23 |    37 |    79 |     5 ||   160
       Pizza             |       |       |     2 |     1 |       |       ||     3
       Beef jerky        |       |       |     3 |     5 |     3 |     1 ||    12
       Meat ration       |       |       |       |       |     1 |     2 ||     3

Vault maps used:
D:1:      evilmike_arrival_hilbert_curve
D:2:      minivault_11, elyvilon_altar_4, uniq_robin, uniq_natasha
D:3:      lemuel_zombie_altar_yredelemnul, lemuel_blue_sif_altar, serial_forest,
          infiniplex_forest_3_way, infiniplex_forest_lined_2,
          infiniplex_forest_lined_corner, infiniplex_forest_corner_1,
          infiniplex_forest_straight_3, infiniplex_forest_lined_room_,
          infiniplex_forest_lined_ring, uniq_crazy_yiuf_cottage
D:4:      first_bread
D:5:      ashenzari_altar_1, kiku_gazebo_pond_becter, kennysheep_mini,
          lemuel_coloured_pillars_altar, old_standard_altar, uniq_duvessa
D:6:      kennysheep_kobold_camp, bloody_trog, lemuel_temple_firewalk_marked,
          serial_shops, shop, shop, nicolae_shop_waterfront,
          lightli_church_of_beogh
D:7:      grunt_temple_overflow_lords_of_destruction, serial_shops,
          nicolae_shop_behind_doors
D:8:      mumra_celtic_spiral_tile, lair_0_dummy, serial_shops,
          nicolae_shop_waterfront, grunt_ogre_cave, uniq_erolcha
D:9:      lemuel_crystal_altar, minmay_sticks_and_stones
D:10:     due_lair_maze_entry_diamond
D:11:     orc_0_dummy
Temple:   zaba_magenta_temple_8
Lair:1:   minmay_stone_trees_medium, serial_bayou_shore_b
Lair:2:   minmay_lindwurm_lava, uniq_sonja
Lair:3:   beast_lair_carwin_8
Lair:4:   portal_ice_cave_entry_ice_beasts, grunt_megastairs_3,
          infiniplex_staircase_pool, serial_bayou_shore_a
Lair:5:   grunt_megastairs_4
Lair:6:   nicolae_swamp_entry_splash_gauntlet, spider_nest_entry_web_field,
          nicolae_volcano_entry_two_sided, uniq_josephine, uniq_nessos,
          uniq_snorg
Lair:7:   zaba_anthell
Lair:8:   minmay_lair_end_enchanted_forest, slime_altar_1, lab_entry_generic
Swamp:1:  nicolae_swamp_round_clearing
Swamp:2:  nicolae_swamp_treefoil
Swamp:3:  evilmike_swamp_ruin_house_1, swamp_pool1, st_swamp_mini
Orc:1:    basic_altar, guppyfry_library_mini, uniq_nergalle
Orc:2:    enter_bailey_2, uniq_fannar, uniq_maurice, uniq_harold, uniq_rupert
Orc:3:    nicolae_orc_pool_cavern, nicolae_orc_flooded_monolith
Orc:4:    st_orc_town, minmay_orc_treasury

Table legend:
 A = Turns spent in this place as a percentage of turns spent in the entire game.
 B = Non-inter-level travel turns spent in this place as a percentage of non-inter-level travel turns spent in the entire game.
 C = Inter-level travel turns spent in this place as a percentage of turns spent in this place.
 D = Turns resting spent in this place as a percentage of non-inter-level travel turns spent in this place.
 E = Turns spent auto-exploring this place as a percentage of non-inter-level travel turns spent in this place.
 F = Non-inter-level travel turns spent in this place divided by the number of levels of this place that you've seen.
                   A       B       C       D       E      F
               +-------+-------+-------+-------+-------+----------------------
         Total | 100.0 | 100.0 |   0.6 |   3.6 |   4.7 | 549.0
       Dungeon |  42.8 |  42.8 |   0.6 |   3.1 |   4.7 | 576.8
        Temple |   0.2 |   0.2 |   0.0 |   0.0 |  13.3 |  30.0
          Lair |  34.1 |  34.1 |   0.7 |   4.2 |   4.6 | 631.8
         Swamp |   8.8 |   8.8 |   0.5 |   7.0 |   4.9 | 436.7
  Orcish Mines |  14.1 |  14.1 |   0.7 |   1.8 |   4.8 | 521.2
               +-------+-------+-------+-------+-------+----------------------

Table legend:
 A = Kills in this place as a percentage of kills in entire the game.
 B = Kills by you in this place as a percentage of kills by you in the entire game.
 C = Kills by friends in this place as a percentage of kills by friends in the entire game.
 D = Other kills in this place as a percentage of other kills in the entire game.
 E = Experience gained in this place as a percentage of experience gained in the entire game.
 F = Experience gained in this place divided by the number of levels of this place that you have seen.
                   A       B       C       D       E      F
               +-------+-------+-------+-------+-------+----------------------
         Total | 100.0 | 100.0 |  -nan | 100.0 | 100.0 | 5804.4
       Dungeon |  35.5 |  35.5 |  -nan |   0.0 |  11.4 | 1626.5
          Lair |  34.0 |  34.1 |  -nan |   0.0 |  47.2 | 9252.8
         Swamp |   8.1 |   8.1 |  -nan | 100.0 |  22.2 | 11615.0
  Orcish Mines |  22.4 |  22.4 |  -nan |   0.0 |  19.1 | 7490.2
               +-------+-------+-------+-------+-------+----------------------
